 Dungeon Crawl Stone Soup version 0.30-a0-799-g109b55a442 (webtiles) character file.

Game seed: 1118705182319412056

17420 iguanaiguana the Slicer (level 12, -6/55 (63) HPs)
             Began as a Vine Stalker Wanderer on Feb 20, 2023.
             Was an Initiate of Gozag.
             Mangled by a pharaoh ant (22 damage)
             ... on level 1 of the Lair of Beasts.
             The game lasted 01:15:28 (16773 turns).

iguanaiguana the Slicer (Vine Stalker Wanderer)    Turns: 16773, Time: 01:15:29

HP:   -6/55 (63)    AC: 12    Str: 13    XL:     12   Next: 47%
MP:   0/17          EV:  9    Int: 19    God:    Gozag
Gold: 2039          SH:  5    Dex: 14    Spells: 7/17 levels left

rFire   . . .      SeeInvis .    I - +5 rapier (elec)
rCold   . . .      Faith    .    d - +0 buckler
rNeg    + . .      Spirit   +    v - +2 swamp dragon scales
rPois   +          Reflect  .    G - +0 helmet
rElec   .          Harm     .    i - +0 cloak
rCorr   .          Rampage  .    o - +0 pair of gloves
Will    +....                    (no boots)
Stlth   ++                       (no amulet)
HPRegen 1.09/turn                z - ring of wizardry
MPRegen 0.15/turn                J - ring of Gyzeararch {Fly rN+}

@: flying, heavily drained
A: fangs 3, regeneration 1, magic shield, antimagic bite, no potion heal 2
a: Renounce Religion, Potion Petition, Call Merchant, Bribe Branch


You were on level 1 of the Lair of Beasts.
You worshipped Gozag.
Gozag was most pleased with you.
You visited 2 branches of the dungeon, and saw 13 of its levels.
You also visited: Bailey and Ice Cave.

You collected 3608 gold pieces.
You spent 351 gold pieces at shops.
You paid 1218 gold pieces to Gozag.

Inventory:

Hand Weapons
 I - a +5 rapier of electrocution (weapon)
 O - a +0 executioner's axe of freezing
Missiles
 j - 5 javelins
 s - 6 poisoned darts
Armour
 d - a +0 buckler (worn)
 i - a +0 cloak (worn)
 o - a +0 pair of gloves (worn)
 v - +2 swamp dragon scales (worn)
 G - a +0 helmet (worn)
 H - the +4 ring mail of Wuadyel {rF++}
   (You bought it in a shop on level 4 of the Dungeon)

   rF:        It greatly protects you from fire.
 N - a +2 crystal plate armour of cold resistance
Jewellery
 f - a ring of protection from fire
 q - a ring of poison resistance
 z - a ring of wizardry (left hand)
 F - a ring of fire
 J - the ring of Gyzeararch (right hand) {Fly rN+}
   (You found it on level 11 of the Dungeon)

   [ring of flight]

   rN:        It protects you from negative energy.
   Fly:       It grants you flight.
 M - a ring of see invisible
Wands
 r - a wand of flame (29)
 y - a wand of roots (6)
 A - a wand of polymorph (6)
Scrolls
 c - 4 scrolls of fog
 g - 2 scrolls of teleportation {@r3}
 h - 3 scrolls of magic mapping {@r5}
 m - a scroll of amnesia
 n - a scroll of vulnerability
 t - 4 scrolls of noise
 w - a scroll of silence
 x - 2 scrolls of immolation
 E - a scroll of blinking {unknown}
 K - a scroll of torment {unknown}
 L - a scroll of fear
Potions
 a - 2 potions of cancellation {unknown}
 b - a potion of flight {unknown}
 e - 2 potions of might {@q3}
 k - 3 potions of attraction
 p - a potion of ambrosia {unknown}
 B - 2 potions of haste {unknown}
 C - a potion of brilliance
 D - a potion of mutation {unknown}
Miscellaneous
 l - a lightning rod (4/4)


   Skills:
 + Level 7.0 Fighting
 - Level 12.0 Short Blades
 - Level 4.0 Throwing
 - Level 1.5 Armour
 - Level 5.0 Stealth
 - Level 4.0 Shields
 - Level 3.0 Spellcasting
 - Level 6.6 Conjurations
 - Level 2.0 Translocations
 - Level 6.0 Air Magic
 - Level 5.1 Earth Magic
 - Level 1.0 Invocations
 - Level 3.0 Evocations


You had 7 spell levels left.
You knew the following spells:

 Your Spells              Type           Power      Damage    Failure   Level
a - Sandblast             Erth           44%        2d11      2%          1
b - Static Discharge      Conj/Air       52%        2-5/arc   1%          2
c - Vhi's Electric Charg  Tloc/Air       36%        N/A       10%         3
d - Stone Arrow           Conj/Erth      50%        3d10      4%          3
x - Apportation           Tloc           20%        N/A       8%          1

Your spell library contained the following spells:

 Spells                   Type           Power      Damage    Failure   Level
 Portal Projectile        Hex/Tloc       12%        N/A       32%         3
 Arcjolt                  Conj/Air       13%        1d23      32%         5
 Lightning Bolt           Conj/Air       13%        1d26      32%         5
 Flame Wave               Conj/Fire      15%        2d7       38%         4
 Sticky Flame             Conj/Fire      15%        2d4       38%         4
 Inner Flame              Hex/Fire       2%         N/A       43%         3
 Tukima's Dance           Hex            2%         N/A       43%         3
 Animate Armour           Summ/Erth      24%        N/A       50%         4
 Leda's Liquefaction      Hex/Erth       6%         N/A       50%         4
 Petrify                  Tmut/Erth      12%        N/A       50%         4
 Passage of Golubria      Tloc           10%        N/A       56%         4
 Freezing Cloud           Conj/Ice/Air   9%         6-21      61%         5
 Ice Form                 Ice/Tmut       2%         N/A       82%         4
 Alistair's Intoxication  Tmut/Pois      1%         N/A       98%         5
 Blade Hands              Tmut           1%         N/A       98%         5
 Yara's Violent Unravell  Hex/Tmut       1%         3d3       98%         5
 Ozocubu's Refrigeration  Ice            1%         4d7       100%        7
 Lehudib's Crystal Spear  Conj/Erth      12%        10d4      100%        8
 Polar Vortex             Ice            1%         N/A       100%        9
 Simulacrum               Ice/Necr       Unusable   N/A       N/A         6

Dungeon Overview and Level Annotations

Branches:
Dungeon (11/15) Zot: 25726  Temple (0/1) D:6            Lair (2/5) D:10 Zot: 10502
    Orc (0/2) D:11         Bailey (visited)           IceCv (visited)
  Swamp: Lair:2-3    Shoals: Lair:2-3     Snake: Lair:2-3    Spider: Lair:2-3

Altars:
Ashenzari
Fedhas
Gozag
Nemelex Xobeh
Okawaru

Shops:
D:4 [


Innate Abilities, Weirdness & Mutations

You have razor-sharp teeth.
Your natural rate of healing is unusually fast.
When hurt, damage is shared between your health and your magic reserves.
Your bite disrupts and absorbs the magic of your enemies.
Potions cannot restore your health.


Message History

The pharaoh ant bites you!!
* * * LOW HITPOINT WARNING * * *
Okay, then.
Aiming: Fastroot
Press: ? - help, Shift-Dir - straight line The roots erupt in riotous growth!
Roots grab the pharaoh ant.
The grasping roots constrict the pharaoh ant.
The pharaoh ant bites you!
* * * LOW HITPOINT WARNING * * *
You partially resist.
You feel drained.
* * * LOW HITPOINT WARNING * * *
The pharaoh ant bites you.
* * * LOW HITPOINT WARNING * * *
You partially resist.
You feel drained.
* * * LOW HITPOINT WARNING * * *
The grasping roots constrict the pharaoh ant!
The pharaoh ant struggles to escape constriction.
Okay, then.
Okay, then.
The grasping roots constrict the pharaoh ant!
The roots release their grip on the pharaoh ant.
Aiming: Fastroot
Press: ? - help, Shift-Dir - straight line, f - pharaoh ant
Aim: a pharaoh ant (heavily damaged)
The roots erupt in riotous growth!
Roots grab the pharaoh ant.
The grasping roots constrict the pharaoh ant, but do no damage.
The pharaoh ant struggles to escape constriction.
The pharaoh ant escapes!
Okay, then.
Okay, then.
Throw: throwing net
Press: ? - help, Shift-Dir - straight line, f/p - pharaoh ant
Aim: a pharaoh ant (heavily damaged, 71% to hit)
You throw a throwing net.
The throwing net completely misses the pharaoh ant.
The pharaoh ant bites you!!
You die...
Your body crumbles into a pile of gold.

#.......##...P.............#.....
........##.......................
#.......##...#.........#...#.....
#.......##...#.........#...#.....
........#.....................#.#
.#PP.#####.............P.........
#########....#####.#.###.........
.................................
.........(....>B@................
.................................
.###'.####.................####..
####.## ##....#####..#.#...#.....
###..####.....#........#...+.....
.......###.............#.........
###....##.....#........#.<.#.....
##.....##.....#........#...#.....
.#####..##.............#...#.....


You could see a pharaoh ant.

Vanquished Creatures
  Josephine (D:10)
  4 death yaks (IceCv)
  2 two-headed ogres (D:11)
  Pikel (D:3)
  Joseph (D:8)
  A cane toad (Lair:2)
  Maggie (D:6)
  2 rime drakes (IceCv)
  2 komodo dragons (Lair:1)
  4 polar bears (IceCv)
  A hornet (D:5)
  A shadow (D:10)
  2 wyverns
  A jumping spider (Lair:2)
  A basilisk (Lair:1)
  5 wraiths
  16 yaks
  3 steam dragons
  2 vampire mosquitoes (D:10)
  3 wargs (D:10)
  6 water moccasins
  A sky beast (D:8)
  2 orc warriors (D:10)
  2 ice beasts (D:7)
  A black bear (D:6)
  An ogre (D:7)
  10 wolves
  5 bullfrogs
  A scorpion (D:4)
  7 gnoll sergeants (Bailey)
  4 wights (D:8)
  7 killer bees
  4 howler monkeys
  An electric eel (D:7)
  8 orc priests
  8 gnoll boudas
  2 hounds (Bailey)
  8 orc wizards
  3 iguanas
  14 gnolls
  8 adders
  A white imp (D:8)
  An ufetubus (D:4)
  A worm (D:4)
  A dart slug (D:1)
  26 orcs
  6 endoplasms
  3 giant cockroaches
  6 goblins
  7 hobgoblins
  5 jackals
  2 quokkas
  7 ball pythons
  4 bats
  3 frilled lizards
  4 kobolds
  8 rats
242 creatures vanquished.

Vanquished Creatures (collateral kills)
  A yak (IceCv)
  4 wights (D:6)
  2 hounds (D:6)
  A jelly (D:5)
  An orc priest (D:7)
  An iguana (D:6)
  2 orc wizards (D:7)
  2 gnolls
  An adder (D:5)
15 creatures vanquished.

Vanquished Creatures (others)
  2 yaks
  An ice beast (D:5)
  Blork the orc (D:6)
  A gnoll sergeant (Bailey)
  2 wights
  A hound (D:5)
  A jelly (D:6)
  An iguana (D:4)
  2 gnolls
  A hobgoblin (D:4)
13 creatures vanquished.

Grand Total: 270 creatures vanquished

Notes
Turn   | Place    | Note
-------+----------+-------------------------------------------
     0 | D:1      | iguanaiguana the Vine Stalker Wanderer began the quest for
                  | the Orb.
     0 | D:1      | iguanaiguana set off with the following items: a +0 dagger,
                  | a potion of lignification, a +0 robe, a +0 buckler; and the
                  | following spells available to memorise: Apportation,
                  | Sandblast, Vhi's Electric Charge, Leda's Liquefaction,
                  | Petrify.
     0 | D:1      | Reached XP level 1. HP: 9/9 MP: 3/3
     2 | D:1      | Learned a level 1 spell: Sandblast
     7 | D:1      | Learned a level 1 spell: Apportation
   115 | D:1      | Reached skill level 1 in Stealth
   245 | D:1      | Reached XP level 2. HP: 13/13 MP: 2/4
  1193 | D:2      | Reached XP level 3. HP: 16/16 MP: 2/5
  2025 | D:2      | Found a faded altar of an unknown god.
  2034 | D:2      | Prayed at the altar of an unknown god.
  2034 | D:2      | Became a worshipper of Gozag Ym Sagoz the Greedy
  2369 | D:3      | Gained mutation: Your natural rate of healing is unusually
                  | fast. [Vine Stalker growth]
  2369 | D:3      | Reached XP level 4. HP: 21/21 MP: 4/6
  2473 | D:3      | Reached skill level 5 in Stealth
  2864 | D:3      | Found an iron altar of Okawaru.
  2864 | D:3      | Found a blossoming altar of Fedhas.
  2872 | D:3      | Found a broken altar of Ashenzari.
  2883 | D:3      | Found a faded altar of an unknown god.
  2885 | D:3      | Found a faded altar of an unknown god.
  2966 | D:3      | Reached XP level 5. HP: 24/24 MP: 4/9
  3448 | D:4      | Noticed Pikel
  3449 | D:4      | Noticed a lemure
  3453 | D:4      | Noticed a lemure
  3455 | D:4      | Noticed a lemure
  3475 | D:3      | Killed Pikel
  3476 | D:3      | Reached XP level 6. HP: 19/30 MP: 1/11
  3476 | D:3      | Reached XP level 7. HP: 23/35 MP: 1/12
  3479 | D:3      | Learned a level 2 spell: Static Discharge
  3483 | D:3      | Learned a level 3 spell: Vhi's Electric Charge
  3986 | D:4      | Found Caasm's Antique Armour Shoppe.
  4416 | D:5      | Entered Level 5 of the Dungeon
  4535 | D:5      | Noticed a hornet
  4697 | D:5      | Gained mutation: You have razor-sharp teeth. [Vine Stalker
                  | growth]
  4697 | D:5      | Reached XP level 8. HP: 39/39 MP: 10/13
  4823 | D:6      | Noticed Blork the orc
  4830 | D:6      | Found a staircase to the Ecumenical Temple.
  4838 | D:6      | Your ally Blork the orc died
  4841 | D:6      | Noticed Maggie
  5091 | D:5      | Killed a hornet
  5092 | D:5      | Reached skill level 2 in Short Blades
  5258 | D:6      | Reached skill level 3 in Short Blades
  5274 | D:6      | Killed Maggie
  5275 | D:6      | Reached XP level 9. HP: 45/45 MP: 10/14
  5911 | D:6      | Reached skill level 4 in Short Blades
  6076 | D:7      | Reached skill level 5 in Air Magic
  6343 | D:7      | Reached skill level 5 in Conjurations
  6958 | D:7      | Upgraded the game from 0.30-a0-793-g160f7cfddd to
                  | 0.30-a0-799-g109b55a442
  6964 | D:7      | Learned a level 3 spell: Stone Arrow
  7330 | D:4      | Bought a helmet for 117 gold pieces
  7335 | D:4      | Bought a fine ring mail for 234 gold pieces
  7335 | D:4      | Identified the +4 ring mail of Wuadyel {rF++} (You bought
                  | it in a shop on level 4 of the Dungeon)
  7918 | D:8      | Noticed Joseph
  8362 | D:8      | Reached skill level 5 in Earth Magic
  8362 | D:8      | Reached XP level 10. HP: 47/49 MP: 2/15
  9102 | D:9      | Found a flagged portal.
  9105 | D:9      | Reached skill level 5 in Short Blades
  9207 | Bailey   | Entered a bailey
  9236 | Bailey   | Reached skill level 1 in Evocations
 10331 | Bailey   | Got the Incunable of Hypothermia
 10491 | Bailey   | Reached skill level 6 in Short Blades
 11427 | D:9      | Reached skill level 7 in Short Blades
 11485 | D:8      | Killed Joseph
 11713 | D:9      | Reached skill level 8 in Short Blades
 11861 | D:10     | Entered Level 10 of the Dungeon
 11864 | D:10     | Reached XP level 11. HP: 53/53 MP: 9/16
 12026 | D:10     | Reached skill level 9 in Short Blades
 12094 | D:10     | Found a staircase to the Lair.
 12306 | D:10     | Noticed Josephine
 12313 | D:10     | Killed Josephine
 12318 | D:10     | Reached skill level 10 in Short Blades
 12866 | D:10     | Found a sparkling altar of Nemelex Xobeh.
 13296 | D:11     | Noticed a two-headed ogre
 13304 | D:11     | Killed a two-headed ogre
 13670 | D:11     | Identified the ring of Gyzeararch {Fly rN+}
 13732 | D:11     | Noticed a two-headed ogre
 13738 | D:11     | Killed a two-headed ogre
 13739 | D:11     | Reached skill level 11 in Short Blades
 13838 | D:11     | Found a staircase to the Orcish Mines.
 14348 | Lair:1   | Entered Level 1 of the Lair of Beasts
 15574 | Lair:2   | Reached skill level 12 in Short Blades
 15655 | Lair:2   | Found a frozen archway.
 15752 | IceCv    | Entered an ice cave
 15762 | IceCv    | Reached skill level 1 in Throwing
 15762 | IceCv    | Reached XP level 12. HP: 51/58 MP: 10/17
 15837 | IceCv    | Noticed a death yak
 15848 | IceCv    | Noticed a death yak
 15857 | IceCv    | Killed a death yak
 15875 | IceCv    | Killed a death yak
 15876 | IceCv    | Reached skill level 5 in Fighting
 15986 | IceCv    | Noticed a death yak
 15995 | IceCv    | Noticed a death yak
 16005 | IceCv    | Killed a death yak
 16026 | IceCv    | Killed a death yak
 16415 | IceCv    | Noticed a death yak
 16646 | IceCv    | Noticed a frost giant
 16727 | Lair:2   | Noticed a five-headed hydra
 16773 | Lair:1   | Mangled by a pharaoh ant

Illustrated notes

Levels and vault maps discovered:
D:1:      ncdulo_smallfort, layout_loops_ring, nicolae_hexahallways
D:2:      layout_loops_corners, shapermc_ecumenical_altar_mp_highgroup,
          kennysheep_doodads
D:3:      layout_rooms, chequers_temple_overflow_minitemple
D:4:      layout_loops_ring, serial_shops, nicolae_take_the_stairs,
          kennysheep_path_1, uniq_pikel
D:5:      layout_rooms
D:6:      layout_loops_cross, minmay_temple_entry_stoned_glass, uniq_maggie,
          uniq_blork_the_orc
D:7:      layout_basic, hangedman_decor_diamond_cutter, kennysheep_donut,
          kennysheep_cross_bottleneck
D:8:      layout_basic, uniq_joseph
D:9:      layout_roguey, enter_bailey_3
D:10:     layout_roguey, nemelex_xobeh_ov_fountains_minmay,
          erik_lair_orcish_takeover, chequers_serial_rivers_large_a,
          uniq_josephine
D:11:     layout_basic, orc_0_dummy
Lair:1:   layout_regular_city
Lair:2:   layout_cellular_growth, minmay_swamp_entry_worms,
          nicolae_spider_entry_lesser_pyramids, portal_ice_cave_entry_pillars_2,
          infiniplex_staircase_pool_2

Skill      XL: |  1  2  3  4  5  6  7  8  9 10 11 12 |
---------------+-------------------------------------+-----
Stealth        | 2 3 4 5 |  5.0
Spellcasting   | 2 3 |  3.0
Conjurations   | 2 4 6 |  6.6
Air Magic      | 4 6 |  6.0
Fighting       | 2 4 7 |  7.0
Shields        | 2 3 4 |  4.0
Short Blades   | 3 4 8 12 | 12.0
Earth Magic    | 5 |  5.1
Evocations     | 3 |  3.0
Throwing       | 1 4 |  4.0
Armour         | |  1.5
Translocations | |  2.0
Invocations    | |  1.0

Action                     |  1- 3 |  4- 6 |  7- 9 | 10-12 || total
---------------------------+-------+-------+-------+-------++-------
  Melee: Dagger            |     3 |       |       |       ||     3
         Bite              |     5 |       |    26 |    67 ||    98
         Short sword       |    14 |     5 |   118 |       ||   137
         Unarmed           |       |    17 |       |       ||    17
         Rapier            |       |       |     6 |   198 ||   204
  Throw: Dart              |       |     2 |     4 |    12 ||    18
         Javelin           |       |       |     1 |       ||     1
         Boomerang         |       |       |     3 |       ||     3
         Throwing net      |       |       |       |     5 ||     5
   Cast: Sandblast         |    56 |    35 |    17 |    56 ||   164
         Static Discharge  |       |       |    40 |     4 ||    44
         Stone Arrow       |       |       |    19 |   158 ||   177
         Vhi's Electric Ch |       |       |     2 |     3 ||     5
 Invoke: Potion Petition   |       |       |     1 |     2 ||     3
  Evoke: Wand              |       |     3 |    34 |    23 ||    60
         Lightning rod     |       |       |       |     3 ||     3
    Use: Potion            |       |     1 |     6 |     1 ||     8
         Scroll            |       |       |    21 |     9 ||    30
   Stab: Sleeping          |       |     1 |     2 |     1 ||     4
         Invisible         |       |       |     1 |       ||     1
         Distracted        |       |       |       |     4 ||     4
 Armour: Robe              |    12 |     1 |     4 |       ||    17
         Skin              |       |     7 |       |     6 ||    13
         Swamp dragon scal |       |       |    35 |    98 ||   133
  Dodge: Dodged            |    20 |     9 |    69 |    79 ||   177
  Block: Buckler           |     8 |     8 |    35 |    54 ||   105

Table legend: (Time is in decaauts)
 A = Elapsed time spent in this place.
 B = Non-inter-level travel time spent in this place.
 C = Inter-level travel time spent in this place.
 D = Time resting spent in this place.
 E = Time spent auto-exploring this place.
 F = Levels seen in this place.
 G = Mean time per level.
                   A        B        C        D        E       F      G
               +--------+--------+--------+--------+--------+-----+--------+
         Total |  16843 |  16013 |    830 |   2544 |  10191 |  15 | 1122.9 |
       Dungeon |  12791 |  11970 |    821 |   1336 |   8432 |  11 | 1162.8 |
          Lair |   1497 |   1489 |      8 |    151 |   1138 |   2 |  748.5 |
        Bailey |   1652 |   1652 |      0 |    782 |    404 |   1 | 1652.0 |
      Ice Cave |    902 |    902 |      0 |    275 |    217 |   1 |  902.0 |
               +--------+--------+--------+--------+--------+-----+--------+

Top non-repeatable levels by time:
     D:8: 1807 daAuts
  Bailey: 1652 daAuts
     D:7: 1426 daAuts
    D:10: 1392 daAuts
     D:2: 1320 daAuts
  Lair:1: 1202 daAuts
     D:4: 1170 daAuts
     D:1: 1103 daAuts
    D:11: 1097 daAuts
     D:9: 1070 daAuts
     D:3: 969 daAuts
   IceCv: 902 daAuts
     D:6: 721 daAuts
     D:5: 714 daAuts
  Lair:2: 294 daAuts
